 Dungeon Crawl Stone Soup version 0.32-a0-996-gb3226c233f (webtiles) character file.

Game seed: 14331223524575151706

4382 GiantSquids the Grappler (level 10, -5/56 (63) HPs)
             Began as an Octopode Berserker on Apr 24, 2024.
             Was a High Priest of Trog.
             Slain by a two-headed ogre
             ... wielding a +0 giant spiked club
              (9 damage)
             ... on level 8 of the Dungeon.
             The game lasted 00:24:19 (7948 turns).

GiantSquids the Grappler (Octopode Berserker)       Turns: 7948, Time: 00:24:19

HP:   -5/56 (63)    AC:  5    Str: 21    XL:     10   Next: 35%
MP:   10/10         EV: 13    Int:  9    God:    Trog [*****.]
Gold: 502           SH:  0    Dex: 12    Spells: 9/9 levels left

rFire   . .          .
                       - Unarmed
rCold   + . .        (no shield)
rNeg    . . .        (helmet restricted)
rPois   .            (no amulet)
rElec   .            u - +4 ring of protection
rCorr   .            v - ring of protection from cold
SInv    .            (no ring)
Will    .....        (no ring)
Stlth   +++          (no ring)
HPRegen 0.29/turn    (no ring)
MPRegen 0.12/turn    (no ring)
                     (no ring)

%: no passive effects
@: studying Maces & Flails, heavily drained
A: almost no armour, amphibious, 8 rings, camouflage 1, gelatinous body 1,
(nimble swimmer 1), tentacles
a: Renounce Religion, Berserk, Trog's Hand, Brothers in Arms


You were on level 8 of the Dungeon.
You worshipped Trog.
Trog was extremely pleased with you.
You visited 1 branch of the dungeon, and saw 8 of its levels.
You also visited: Ossuary.

You collected 502 gold pieces.

Inventory:

Hand Weapons
 M - the +11 hand axe of Putrescence {flame, Dex+5 Stlth+}
   (You found it on level 8 of the Dungeon)

   Dex+5:     It affects your dexterity (+5).
   Stlth+:    It makes you more stealthy.
Missiles
 n - 64 stones (quivered)
 F - 24 poisoned darts
 H - a throwing net
Jewellery
 c - a ring of ice
 u - a +4 ring of protection (left tentacle)
 v - a ring of protection from cold (right tentacle)
 N - a ring of fire
Talismans
 J - a blade talisman
Wands
 t - a wand of mindburst (30)
 E - a wand of quicksilver (7)
 G - a wand of flame (23)
 K - a wand of digging (4)
 L - a wand of paralysis (4)
Scrolls
 a - 5 scrolls of identify {unknown}
 b - 3 scrolls of teleportation {unknown}
 f - 2 scrolls of fog {unknown}
 g - 2 scrolls of fear {unknown}
 k - 3 scrolls of enchant weapon {unknown}
 o - 2 scrolls of brand weapon {unknown}
 p - 2 scrolls of immolation {unknown}
 q - 2 scrolls of enchant armour {unknown}
 r - a scroll of blinking {unknown}
 x - 4 scrolls of revelation {unknown}
 y - 2 scrolls of poison {unknown}
 z - 2 scrolls of vulnerability {unknown}
Potions
 d - 3 potions of degeneration {unknown}
 e - a potion of resistance {unknown}
 h - a potion of enlightenment {unknown}
 i - 2 potions of cancellation {unknown}
 j - 5 potions of lignification {unknown}
 l - 2 potions of ambrosia {unknown}
 m - a potion of magic {unknown}
 s - 11 potions of curing {unknown}
 w - 2 potions of brilliance {unknown}
 A - a potion of experience {unknown}
 B - 4 potions of might {unknown}
 C - a potion of berserk rage {unknown}
 D - 2 potions of heal wounds {unknown}
 I - 2 potions of haste {unknown}


   Skills:
 - Level 3.4 Fighting
 - Level 3.4 Dodging
 - Level 3.5 Stealth
 - Level 12.3 Unarmed Combat
 * Level 7.1 Shapeshifting


You had 9 spell levels left.
You didn't know any spells.
Your spell library was empty.

Dungeon Overview and Level Annotations

Branches:
Dungeon (8/15)             Temple (0/1) D:6            Lair (0/5) D:8
Ossuary (visited)

Altars:
Cheibriados
Elyvilon
Ru
Trog
Uskayaw
Yredelemnul
The Shining One

Annotations:
D:3 1 runed translucent door, Crazy Yiuf


Innate Abilities, Weirdness & Mutations

You cannot wear most types of armour.
You are amphibious.
You can wear up to eight rings at the same time.
Your skin changes colour to match your surroundings (Stealth+).
Your rubbery body absorbs attacks. (AC +1, EV +1)
((You are camouflaged when in or above water. (Stealth+)))
You have tentacles for arms and can constrict up to eight enemies at once.


Message History

The wight attacks as it pursues you! The wight barely misses you.
The wight attacks as it pursues you!
The wight hits you from afar with a +1 spear.
The wight attacks as it pursues you! The wight completely misses you.
The wight attacks as it pursues you!
The wight hits you from afar with a +1 spear.
You feel drained.
There is a stone staircase leading up here.
The wight hits you from afar with a +1 spear!
You feel drained.
You climb upwards.
There is a stone staircase leading down here.
You start resting.
HP restored.
Done exploring.
There is a stone staircase leading down here.
You climb downwards.
There is a stone staircase leading up here.
A two-headed ogre and a sleepcap come into view.
Found 12 gold pieces.
The two-headed ogre misses you. x2
There is an open door here.
You tentacle-slap the two-headed ogre.
The two-headed ogre is lightly wounded.
The two-headed ogre misses you.
The two-headed ogre hits you with a +0 giant club!
The sleepcap barely misses you.
You tentacle-slap the two-headed ogre but do no damage.
Your tentacle-slap misses the two-headed ogre.
You squeeze the two-headed ogre!
The two-headed ogre is moderately wounded.
The sleepcap releases spores at you.
You are engulfed in a cloud of soporific spores!
You fall asleep.
The two-headed ogre hits you with a +0 giant spiked club!!!
You wake up.
Ouch! That really hurt!
* * * LOW HITPOINT WARNING * * *
The two-headed ogre hits you with a +0 giant club!
You die...

#......# ##...## #..).#####...
#.)....# ##.## #..).........
#......## #.# ##...........#
#.......# +#.#+ ##.....##.....#
.........###...###......#...#..#
###..........ß.[.[....#...>##..#
##....###...###........###..##
...## +#.#'f##.........)...#
..## #.#O@.##........)##.# .#
##.##...#.......####.#
##...##.$#........# #.#
###.....####......#.# #.#
...................#.###.#
######.##.#.##.[..........
#....#.##............ ####.#
#......z..... #.# #.#.##....#.#


You could see a two-headed ogre and a sleepcap.

Vanquished Creatures
  Pikel (D:7)
  Joseph (D:7)
  Jeremiah (D:7)
  A hornet (D:7)
  A wyvern (D:4)
  Eustachio (D:6)
  Menkaure (D:7)
  An acid dragon (D:7)
  An ice beast (D:6)
  A sky beast (D:6)
  Duvessa (D:6)
  A black bear (D:4)
  An orc warrior (D:8)
  4 centaurs (D:6)
  2 lemures (D:7)
  3 kobold brigands
  4 water moccasin zombies (Ossuary)
  A scorpion (D:7)
  A burial acolyte (Ossuary)
  4 wights
  Dowan (D:6)
  2 howler monkeys (D:6)
  3 orc priests
  A spectral scorpion (Ossuary)
  A bombardier beetle (D:6)
  5 hounds
  A sleepcap (D:8)
  5 iguanas
  6 orc wizards
  A bullfrog simulacrum (Ossuary)
  2 mummies (Ossuary)
  11 gnolls
  6 adders
  A shadow imp (D:6)
  5 adder zombies (Ossuary)
  2 dart slugs
  27 orcs
  8 ball pythons
  8 endoplasms
  3 giant cockroaches
  7 goblins
  5 hobgoblins
  4 jackals
  10 quokkas
  4 bats
  5 frilled lizards
  5 gnoll zombies (Ossuary)
  7 jackal zombies (Ossuary)
  22 kobolds
  5 orc zombies (Ossuary)
  8 rats
213 creatures vanquished.

Notes
Turn   | Place    | Note
-------+----------+-------------------------------------------
     0 | D:1      | GiantSquids the Octopode Berserker began the quest for the
                  | Orb.
     0 | D:1      | Reached XP level 1. HP: 16/16 MP: 1/1
    44 | D:1      | Reached skill level 1 in Stealth
    58 | D:1      | Reached XP level 2. HP: 21/21 MP: 2/2
   555 | D:2      | Reached XP level 3. HP: 26/26 MP: 3/3
   560 | D:2      | Found a faded altar of an unknown god.
   820 | D:2      | Reached ** piety under Trog
   821 | D:2      | Reached skill level 4 in Unarmed Combat
   889 | D:2      | Reached XP level 4. HP: 21/31 MP: 4/4
  1637 | D:3      | Found a sacrificial altar of Ru.
  2084 | D:3      | Found a runed translucent door.
  2085 | D:3      | Noticed Crazy Yiuf
  2351 | D:4      | Reached XP level 5. HP: 36/36 MP: 5/5
  2360 | D:4      | Reached skill level 5 in Unarmed Combat
  2422 | D:4      | Reached *** piety under Trog
  2436 | D:4      | Reached XP level 6. HP: 42/42 MP: 6/6
  2477 | D:4      | Reached skill level 6 in Unarmed Combat
  2556 | D:4      | Found a sand-covered staircase.
  2567 | Ossuary  | Entered an ossuary
  2703 | Ossuary  | Reached skill level 7 in Unarmed Combat
  2703 | Ossuary  | Reached XP level 7. HP: 42/46 MP: 7/7
  2800 | Ossuary  | Reached skill level 8 in Unarmed Combat
  3296 | D:4      | Noticed a wyvern
  3298 | D:4      | Reached XP level 8. HP: 36/52 MP: 8/8
  3313 | D:4      | Killed a wyvern
  3314 | D:4      | Reached skill level 9 in Unarmed Combat
  3494 | D:5      | Entered Level 5 of the Dungeon
  3500 | D:5      | Reached **** piety under Trog
  3887 | D:5      | Found a glowing golden altar of the Shining One.
  3901 | D:5      | Found a basalt altar of Yredelemnul.
  3904 | D:5      | Found a bloodstained altar of Trog.
  3915 | D:5      | Found a white marble altar of Elyvilon.
  4265 | D:5      | Reached skill level 10 in Unarmed Combat
  4642 | D:6      | Found a hide-covered altar of Uskayaw.
  4664 | D:6      | Noticed Eustachio
  4671 | D:6      | Killed Eustachio
  4823 | D:6      | Found a staircase to the Ecumenical Temple.
  4829 | D:6      | Reached skill level 11 in Unarmed Combat
  4861 | D:6      | Reached XP level 9. HP: 51/56 MP: 9/9
  4950 | D:6      | Found a snail-covered altar of Cheibriados.
  5184 | D:6      | Noticed Duvessa
  5184 | D:6      | Noticed Dowan
  5196 | D:6      | Killed Duvessa
  5198 | D:6      | Killed Dowan
  5282 | D:6      | Reached skill level 12 in Unarmed Combat
  5663 | D:6      | Reached ***** piety under Trog
  6147 | D:7      | Noticed Jeremiah
  6148 | D:7      | Noticed Pikel
  6212 | D:7      | Killed Jeremiah
  6363 | D:7      | Noticed a hornet
  6387 | D:7      | Paralysed by Pikel for 2 turns
  6390 | D:7      | Killed Pikel
  6562 | D:7      | Killed a hornet
  6563 | D:7      | Reached skill level 5 in Shapeshifting
  6563 | D:7      | Reached XP level 10. HP: 42/63 MP: 10/10
  6690 | D:7      | Noticed Joseph
  6699 | D:7      | Noticed Menkaure
  6706 | D:7      | Killed Joseph
  6724 | D:7      | HP: 3/63 [Menkaure/nerve-wracking pain (5)]
  6731 | D:7      | HP: 1/63 [Menkaure/nerve-wracking pain (4)]
  6943 | D:7      | Killed Menkaure
  7510 | D:8      | Found a staircase to the Lair.
  7516 | D:8      | Identified the +11 hand axe of Putrescence {flame, Dex+5
                  | Stlth+}
  7943 | D:8      | Noticed a two-headed ogre
  7948 | D:8      | Slain by a two-headed ogre

Illustrated notes

Levels and vault maps discovered:
D:1:      lemuel_arrival_funnel, layout_rooms, roderic_st_hans_cross
D:2:      minmay_evil_eye, layout_loops_corners,
          hellmonk_ecumenical_altar_zigzags
D:3:      layout_loops_ring, overflow_temple_1_default, uniq_crazy_yiuf_cottage
D:4:      minmay_general_purpose_star, layout_cave_pools,
          nicolae_ossuary_entry_monument, minmay_manual_mess
D:5:      cheibrodos_quashed, layout_gridville, grunt_temple_overflow_cloverleaf
D:6:      layout_basic, nicolae_uskayaw_dance_hall, kennysheep_little_box,
          minmay_temple_entry_offerings, uniq_eustachio, uniq_duvessa
D:7:      layout_basic, uniq_pikel, uniq_jeremiah, uniq_menkaure, uniq_joseph
D:8:      cheibrodos_barr_body, layout_rooms,
          grunt_temple_overflow_growth_and_decay, lair_entry_dummy,
          serial_shops, shop, hangedman_abyss_or_decor_passed

Skill      XL: |  1  2  3  4  5  6  7  8  9 10 |
---------------+-------------------------------+-----
Stealth        | 1 2 3 |  3.5
Unarmed Combat | 4 5 7 8 11 12 | 12.3
Shapeshifting  | 5 7 |  7.1
Fighting       | |  3.4
Dodging        | |  3.4

Action                     |  1- 3 |  4- 6 |  7- 9 | 10-12 || total
---------------------------+-------+-------+-------+-------++-------
  Melee: Unarmed           |    66 |   110 |   208 |    59 ||   443
         Constrict         |    14 |    31 |    46 |    15 ||   106
         Tentacles         |     7 |    25 |    45 |    11 ||    88
         Punch             |     1 |     3 |    15 |     7 ||    26
 Invoke: Berserk           |       |       |     3 |     1 ||     4
   Stab: Sleeping          |     9 |    17 |     8 |     2 ||    36
 Armour: Skin              |    25 |    37 |   117 |    42 ||   221
  Dodge: Dodged            |    40 |    43 |   130 |    24 ||   237

Table legend: (Time is in decaauts)
 A = Elapsed time spent in this place.
 B = Non-inter-level travel time spent in this place.
 C = Inter-level travel time spent in this place.
 D = Time resting spent in this place.
 E = Time spent auto-exploring this place.
 F = Levels seen in this place.
 G = Mean time per level.
                   A        B        C        D        E       F      G
               +--------+--------+--------+--------+--------+-----+--------+
         Total |   7915 |   7647 |    268 |    722 |   5182 |   9 |  879.4 |
       Dungeon |   7540 |   7272 |    268 |    517 |   5182 |   8 |  942.5 |
       Ossuary |    375 |    375 |      0 |    205 |      0 |   1 |  375.0 |
               +--------+--------+--------+--------+--------+-----+--------+

Top non-repeatable levels by time:
     D:6: 1609 daAuts
     D:7: 1387 daAuts
     D:5: 1116 daAuts
     D:2: 988 daAuts
     D:4: 815 daAuts
     D:3: 796 daAuts
     D:1: 507 daAuts
 Ossuary: 375 daAuts
     D:8: 319 daAuts
